cohdb
Replays
Latest Replays
All Replays
Popular Replays
Top Player Replays
Match Explorer
How It Works
Community
CoH3 Stats
Reddit
Sign in to upload your games and track your stats! →
Sign in with Steam
Match 38761441
Unlisted
Match 38761441
Overview
Messages
Build Orders
End
Selects Italian Coastal Battlegroup
Selects Coastal Reserves
Coastal Reserve
Construct Infanterie Kompanie
GrW 34 Mortar Team
Coastal Reserve
MG 42 Machine Gun Team
Selects Artillery Officer
Construct Luftwaffe Kompanie
221 Scout Car
Artillery Officer
Selects Support Bunkers
Medical Bunker
Jäger Squad
Construct Panzer Kompanie
Sturmpanzer IV Brummbär
Infanterie Officer Quarters
Medical Bunker
Selects Obice da 210/22 Artillery Emplacement
Pioneer Squad
Selects Rapid Fortifications
Rapid Fortifications
Repair Bunker
Selects Call the Reserves!
Panzer IV Medium Tank
TwistedTootsy
Stormless
Grunka Lunka
Danver
silentbreacher
PurePinoy
0
0
Comments
sign in to comment!
No comments posted yet!